 Dungeon Crawl Stone Soup version 0.22.0-6-g71bd7aa (webtiles) character file.

235 ventricule the Chopper (level 5, -2/46 HPs)
             Began as a Deep Dwarf Fighter on Aug 15, 2018.
             Killed from afar by Ijyb (13 damage)
             ... with a wand of acid (6)
             ... on level 4 of the Dungeon.
             The game lasted 00:03:03 (2299 turns).

ventricule the Chopper (Deep Dwarf Fighter)         Turns: 2299, Time: 00:03:04

Health: -2/46      AC: 12    Str: 19    XL:     5   Next: 76%
Magic:  5/5        EV:  3    Int:  9    God:
Gold:   191        SH:  9    Dex: 13    Spells: 4/4 levels left

rFire    . . .     SeeInvis .   a - +0 war axe
rCold    . . .     Gourm    .   c - +0 shield
rNeg     . . .     Faith    .   m - +0 plate armour
rPois    +         Spirit   .   (no helmet)
rElec    .         Reflect  .   (no cloak)
rCorr    .         Harm     .   (no gloves)
MR       .....                  (no boots)
Stlth    ..........             (no amulet)
HPRegen  0.00/turn              (no ring)
MPRegen  0.09/turn              P - ring of poison resistance

@: non-regenerating
A: damage resistance, heal wounds, sense surroundings 1, no regeneration
a: Heal Wounds


You were on level 4 of the Dungeon.
You were not hungry.

You visited 1 branch of the dungeon, and saw 4 of its levels.

You collected 191 gold pieces.

Inventory:

Hand Weapons
 a - a +0 war axe (weapon)
Missiles
 k - 10 tomahawks
 Q - 140 stones (quivered)
Armour
 b - a +0 scale mail
 c - a +0 shield (worn)
 h - a +0 helmet
 m - a +0 plate armour (worn)
Jewellery
 n - a +3 ring of slaying {unknown}
 t - an uncursed ring of attention
 P - a ring of poison resistance (right hand)
Scrolls
 f - 3 scrolls of remove curse
 i - 3 scrolls of identify
 p - a scroll of enchant armour {unknown}
Potions
 d - a potion of might
 j - 2 potions of agility {unknown}
 l - a potion of invisibility
 o - a potion of heal wounds {unknown}
 q - 2 potions of curing {unknown}
 s - 2 potions of lignification {unknown}
Comestibles
 e - 4 rations
 g - 4 chunks of flesh


   Skills:
 - Level 2.6 Fighting
 + Level 5.3 Axes
 + Level 5.2 Armour
 - Level 3.2 Shields


You had 4 spell levels left.
You didn't know any spells.
Your spell library contained the following spells:

 Spells                   Type           Power        Failure   Level  Hunger
 Apportation              Tloc           #.....       100%        1    ##.....
 Summon Small Mammal      Summ           #...         100%        1    ##.....
 Animate Skeleton         Necr           N/A          100%        1    ##.....
 Confusing Touch          Hex            #.....       100%        1    ##.....


Dungeon Overview and Level Annotations

Branches:
Dungeon (4/15)
 Temple: D:4-7

Altars:
Vehumet
Zin

Annotations:
D:4 Ijyb


Innate Abilities, Weirdness & Mutations

You are resistant to damage.
You can heal yourself by infusing magical energy.
You passively map a small area around you.
You do not regenerate.


Message History

g - 3 chunks of flesh (gained 1)
Things that are here:
a ring mail; a morningstar
Things that are here:
a ring mail; a morningstar You butcher the orc corpse.
g - 4 chunks of flesh (gained 1)
Things that are here:
a dagger; a robe; an orc skeleton
Things that are here:
a dagger; a robe; an orc skeleton
Things that are here:
a dagger; a glowing robe You open the door.
There is an open door here.
Ijyb the Twisted Goblin comes into view.
She is wielding a dagger.
A ball python comes into view.
Ijyb zaps a wand.
The bolt of acid hits you!
You die...

*
##########........######.
#.'...............
#.#.........#####.
#.#.........#
#.########..## #.#
#.......# #.#
#.#####.####. #######.# *
#........ , ..S....@# ,
#.##.###. * .......g# * *
#.##..##. #######.#
#.###.##. + #.# ,
#.#...... , #.# #.#.##.#.
#.# #.#.##... #.#
#.#.###.. , , #.# * #.#.#
#.. , * *,#.# ##.


You could see Ijyb and a ball python.

Vault maps used:
D:1:      scummos_arrival_hexagon
D:2:      lemuel_coloured_pillars_altar, grunt_ministairs_8, uniq_robin
D:3:      nicolae_overflow_crystal_walls, chequers_ecumenical_altar_twisty
D:4:      kennysheep_mini_moat, first_ration, corner_web_ring, uniq_ijyb

Notes
Turn   | Place    | Note
-------+----------+-------------------------------------------
     0 | D:1      | ventricule the Deep Dwarf Fighter began the quest for the Orb.
     0 | D:1      | Reached XP level 1. HP: 20/20 MP: 1/1
    97 | D:1      | Reached skill level 3 in Axes
    97 | D:1      | Reached XP level 2. HP: 22/27 MP: 2/2
   277 | D:1      | Identified a +0 plate armour (You found it on level 1 of the Dungeon)
   430 | D:2      | Reached XP level 3. HP: 20/33 MP: 3/3
   763 | D:2      | Reached skill level 4 in Axes
   783 | D:2      | Identified a ring of attention (You found it on level 2 of the Dungeon)
   784 | D:2      | Identified a ring of poison resistance (You found it on level 1 of the Dungeon)
   785 | D:2      | Identified a scroll of immolation
   786 | D:2      | Identified a scroll of amnesia
   787 | D:2      | Identified a scroll of noise
   788 | D:2      | Identified 3 scrolls of identify
   788 | D:2      | Identified a potion of invisibility
   789 | D:2      | Identified 3 scrolls of remove curse
   790 | D:2      | Identified a scroll of fog
   848 | D:2      | Noticed Robin
   865 | D:2      | Reached skill level 4 in Armour
   869 | D:2      | Killed Robin
   869 | D:2      | Reached XP level 4. HP: 22/40 MP: 4/4
  1029 | D:2      | Found a glowing silver altar of Zin.
  1267 | D:3      | Identified a scroll of magic mapping
  1372 | D:3      | Found a radiant altar of Vehumet.
  1637 | D:3      | Found a faded altar of an unknown god.
  1873 | D:3      | HP: 10/40 [adder (1)]
  1885 | D:3      | HP: 7/40 [adder (1)]
  1890 | D:3      | HP: 6/40 [adder (1)]
  1894 | D:3      | Reached XP level 5. HP: 7/46 MP: 5/5
  2268 | D:4      | Reached skill level 5 in Axes
  2269 | D:4      | HP: 10/46 [orc (2)]
  2273 | D:4      | Reached skill level 5 in Armour
  2281 | D:4      | HP: 11/46 [orc priest/divine providence (10)]
  2296 | D:4      | Noticed Ijyb
  2299 | D:4      | Killed from afar by Ijyb

Table legend:
 A = Turns spent in this place as a percentage of turns spent in the entire game.
 B = Non-inter-level travel turns spent in this place as a percentage of non-inter-level travel turns spent in the entire game.
 C = Inter-level travel turns spent in this place as a percentage of turns spent in this place.
 D = Turns resting spent in this place as a percentage of non-inter-level travel turns spent in this place.
 E = Turns spent auto-exploring this place as a percentage of non-inter-level travel turns spent in this place.
 F = Non-inter-level travel turns spent in this place divided by the number of levels of this place that you've seen.
                   A       B       C       D       E      F
               +-------+-------+-------+-------+-------+----------------------
         Total | 100.0 | 100.0 |   2.1 |   0.0 |  82.3 | 562.8
       Dungeon | 100.0 | 100.0 |   2.1 |   0.0 |  82.3 | 562.8
               +-------+-------+-------+-------+-------+----------------------

Table legend:
 A = Kills in this place as a percentage of kills in entire the game.
 B = Kills by you in this place as a percentage of kills by you in the entire game.
 C = Kills by friends in this place as a percentage of kills by friends in the entire game.
 D = Other kills in this place as a percentage of other kills in the entire game.
 E = Experience gained in this place as a percentage of experience gained in the entire game.
 F = Experience gained in this place divided by the number of levels of this place that you have seen.
                   A       B       C       D       E      F
               +-------+-------+-------+-------+-------+----------------------
         Total | 100.0 | 100.0 |   N/A |   N/A | 100.0 |  84.0
       Dungeon | 100.0 | 100.0 |   N/A |   N/A | 100.0 |  84.0
               +-------+-------+-------+-------+-------+----------------------

Skill      XL: |  1  2  3  4  5 |
---------------+----------------+-----
Axes           | 3 4 5 |  5.3
Armour         | 4 5 |  5.2
Fighting       | |  2.6
Shields        | |  3.2

Action                   |  1- 3 |  4- 6 || total
-------------------------+-------+-------++-------
Melee: War axe           |   122 |   107 ||   229
 Abil: Heal Wounds       |       |     2 ||     2
  Use: Scroll            |     6 |     1 ||     7
  Eat: Chunk             |       |     5 ||     5
Armor: Scale mail        |    26 |       ||    26
       Plate armour      |    56 |    73 ||   129
Dodge: Dodged            |    39 |    17 ||    56
Block: Shield            |    78 |    59 ||   137

Vanquished Creatures
  An orc priest (D:4)
  2 orc wizards (D:4)
  Robin (D:2)
  6 adders
  3 dart slugs
  A worm (D:2)
  5 orcs
  15 goblins
  4 hobgoblins
  12 jackals
  7 bats
  3 frilled lizards (D:2)
  5 kobolds (D:1)
  4 rats
69 creatures vanquished.
